[Event "Hungary Olimpic Hopes 2022"]
[Site "Tapolca"]
[Date "2022.06.24"]
[Round "3.3"]
[White "Kossela, Peter"]
[Black "Szegedy, Matyas"]
[Result "0-1"]
[ECO "A48"]
[WhiteElo "1767"]
[BlackElo "2046"]
[Annotator "TA"]
[PlyCount "48"]
[EventDate "2022.06.23"]
[EventType "swiss"]
[EventCountry "HUN"]
[SourceTitle "playchess.com"]
[Source "ChessBase"]
[SourceQuality "1"]
[TimeControl "5400+30"]

1. d4 Nf6 2. Nf3 g6 3. b3 Bg7 4. Bb2 O-O 5. e3 d5 6. Be2 c5 {[%emt 0:01:03] D04: Colle System.} 7. dxc5 Qa5+ 8. Nbd2 Nc6 9. O-O Qxc5 10. c4 Rd8 11. Rc1 {[%emt 0:01:37] [#]} Qa5 $146 ({Predecessor:} 11... dxc4 12. Bxc4 Qa5 13. Bc3 Qh5 14. Be2 Qf5 15. Qe1 Be6 16. Nd4 Nxd4 17. Bxd4 Bd5 {½-½ (86) Betaneli,A (2231)-Vestby Ellingsen,M (2194) Fagernes 2018}) 12. a3 dxc4 13. b4 Qf5 {[%emt 0:05:13] [#] aiming for ...b5.} 14. Bxc4 Ne4 15. Bxg7 Kxg7 16. Qe2 Nxd2 17. Nxd2 a5 18. b5 Ne5 19. Ba2 (19. a4 $11) 19... Nd3 ({Black should play} 19... Qd3 $15 20. Qxd3 Rxd3) 20. Rc3 {[%emt 0:18:23] [#] Bb1 is the strong threat. The position is equal.} Nc5 $1 21. Rfc1 b6 22. Nb3 Nxb3 23. Bxb3 Bd7 {[%emt 0:00:53] Against Rc6} 24. a4 Rac8 {[%mdl 32768] Weighted Error Value: White=0.06 (flawless) /Black=0.06 (flawless) . Loss on time!?} 0-1

[Event "Hungary Olimpic Hopes 2022"]
[Site "Tapolca"]
[Date "2022.06.24"]
[Round "3.4"]
[White "Herczeg, Marcell"]
[Black "Foldes, Marton Gabor"]
[Result "1-0"]
[ECO "B32"]
[WhiteElo "2045"]
[BlackElo "2006"]
[Annotator "TA"]
[PlyCount "135"]
[EventDate "2022.06.23"]
[EventType "swiss"]
[EventCountry "HUN"]
[SourceTitle "playchess.com"]
[Source "ChessBase"]
[SourceQuality "1"]
[TimeControl "5400+30"]

1. e4 c5 2. Nf3 Nc6 3. d4 cxd4 4. Nxd4 Qb6 5. Nb3 Nf6 6. Nc3 e6 7. Qe2 Bb4 8. Bd2 O-O 9. a3 {[%emt 0:00:14] B33: Sicilian: Pelikan and Sveshnikov Variations.} Be7 10. O-O-O d5 11. exd5 {[%emt 0:00:48] White is slightly better.} Nxd5 12. g3 Bf6 13. Ne4 {[%emt 0:05:27] [#]} Be5 $146 (13... Be7 $11) ({Predecessor:} 13... e5 14. Nxf6+ Nxf6 15. Bg5 Bg4 16. f3 Be6 17. Bxf6 gxf6 18. Qe4 f5 19. Qh4 Qe3+ 20. Kb1 Rfd8 21. Bd3 Bxb3 {0-1 (46) Mista,A (2617)-Pichot,A (2556) Chess.com INT 2017}) 14. Nec5 (14. Bg2 $16) 14... Bf6 15. Ne4 (15. Bg2 $11) 15... Be5 $16 16. Qb5 Qc7 17. f4 Nd4 {[%emt 0:03:24][%csl Gd4][%cal Rc7c2] [#]} 18. Qc4 Nxb3+ 19. Qxb3 Bd4 20. Bd3 (20. Bg2 $16) 20... b5 21. Nc3 (21. Qxb5 $2 Rb8 22. Ba5 Rxb5 $19) (21. Rhe1 $5 ) 21... Nxc3 22. Bxc3 Bxc3 23. Qxc3 Qxc3 24. bxc3 Bb7 25. Rhe1 a6 26. Be4 Bxe4 27. Rxe4 $11 {[%emt 0:00:06][%mdl 4096] Endgame KRR-KRR} Rfc8 28. Kb2 Rc6 29. Kb3 Rac8 30. c4 f5 31. Red4 Rxc4 32. Rxc4 Rxc4 {[%emt 0:02:41] KR-KR} 33. Rd6 a5 34. Rxe6 Rc5 (34... a4+ $11 35. Kb2 b4) 35. c3 $16 Kf7 (35... Rc4 $14) 36. Ra6 $18 a4+ 37. Kc2 $2 (37. Kb4 $18 Rc4+ 38. Kxb5 Rxc3 39. Rxa4 (39. Kxa4 Rc2 $16)) 37... Rd5 38. Rc6 Ke7 (38... h6 $1 $11 {remains equal.}) 39. Rc7+ Kf6 $1 40. c4 bxc4 41. Rxc4 Ra5 42. Rc6+ (42. Kc3 $14) 42... Ke7 43. Kc3 Rb5 44. Kc2 Rb3 45. Rc3 Rb7 46. Rc4 Ra7 47. Kc3 Kd6 48. Kb4 Kd5 (48... Re7 $11 {keeps the balance.}) 49. Rc5+ $16 Ke4 50. Re5+ Kf3 51. Rxf5 Kg2 52. Rh5 g6 53. Rh4 Kf3 54. f5 ({Better is} 54. Kb5 $16) 54... gxf5 $11 55. Kb5 Kg2 56. Kb6 (56. Rxa4 $2 Rxa4 57. Kxa4 Kxh2 $19) 56... Rf7 57. Kb5 (57. Rxa4 Kxh2 58. Rb4 Kxg3 59. Rb3+ Kg4 $19) 57... Ra7 58. Rh5 ({Not} 58. Rxa4 $2 Rxa4 59. Kxa4 Kxh2 $19) 58... Ra8 $2 (58... Kg1 $11 {and Black is okay.}) 59. Rxh7 $18 {[%emt 0:00:14] [#] Rh5 is the strong threat.} Kf3 $2 (59... Rd8 60. Rh5 (60. Kxa4 Re8 $16) 60... Rd5+ 61. Kxa4 Re5) 60. Rh4 Kg2 61. Rh5 Kg1 (61... f4 $142) 62. Rxf5 Kxh2 63. g4 (63. Rf4 $142 Kxg3 64. Rxa4) 63... Kg3 64. g5 Kg4 65. Rc5 {[%emt 0:00:04] aiming for g6.} Kh5 66. Kb4 Kg6 67. Ra5 Rb8+ $2 (67... Rf8 68. Kxa4 Rf4+ 69. Kb3 Rf3+ 70. Kc2 Rf2+ 71. Kd3 Rf8) 68. Kxa4 {[%emt 0:00:05] Weighted Error Value: White=0.16 (very precise) /Black=0.29 (precise)} 1-0

[Event "Hungary Olimpic Hopes 2022"]
[Site "Tapolca"]
[Date "2022.06.24"]
[Round "3.5"]
[White "Szarvas, Nora Orsolya"]
[Black "Karacsonyi, Luca"]
[Result "1-0"]
[ECO "B48"]
[WhiteElo "1669"]
[BlackElo "1834"]
[Annotator "NA RC"]
[PlyCount "63"]
[EventDate "2022.06.23"]
[EventType "swiss"]
[EventCountry "HUN"]
[SourceTitle "playchess.com"]
[Source "ChessBase"]
[SourceQuality "1"]
[TimeControl "5400+30"]

1. e4 c5 2. Nf3 Nc6 3. d4 cxd4 4. Nxd4 e6 5. Nc3 Qc7 6. Be3 a6 7. Bd3 Nf6 8. O-O b5 9. a3 Be7 10. f4 d6 11. Qf3 Bb7 12. Qg3 h5 (12... Nxd4 $11 {was preferrable.} 13. Bxd4 O-O) 13. h3 h4 14. Qf2 Nh5 15. Nce2 Bf6 16. c3 Na5 17. Nxe6 Qe7 18. Ng5 Nc4 19. Bc1 Bxg5 20. fxg5 Ng3 21. Nxg3 hxg3 22. Qxg3 Ne5 23. Bc2 O-O 24. Bf4 Rad8 25. Bxe5 dxe5 26. Rf5 Rfe8 $2 (26... Rd2) 27. Raf1 Qc5+ 28. Kh2 Re7 29. Bb3 Rdd7 30. g6 Bxe4 31. gxf7+ Kf8 {[%emt 0:00:26] [#]} 32. Qh4 1-0

[Event "Hungary Olimpic Hopes 2022"]
[Site "Tapolca"]
[Date "2022.06.24"]
[Round "3.6"]
[White "Eros, Vivien"]
[Black "Beznicza, Mira"]
[Result "1/2-1/2"]
[ECO "C11"]
[WhiteElo "1592"]
[BlackElo "1635"]
[Annotator "NA RC"]
[PlyCount "74"]
[EventDate "2022.06.23"]
[EventType "swiss"]
[EventCountry "HUN"]
[SourceTitle "playchess.com"]
[Source "ChessBase"]
[SourceQuality "1"]
[TimeControl "5400+30"]

1. e4 e6 2. d4 d5 3. Nc3 Nf6 4. e5 Nfd7 5. f4 c5 6. Nf3 Nc6 7. Be3 Be7 8. g3 O-O 9. Bg2 b6 10. O-O f6 11. Bh3 Ndb8 12. exf6 Bxf6 13. Ne2 Qe7 14. c3 Nd7 15. Ne5 Bxe5 16. fxe5 Rxf1+ 17. Qxf1 Ba6 18. Qg2 Rf8 19. Nf4 Nd8 20. Nxd5 Qf7 21. Nc7 Bd3 22. Qd2 c4 23. Nb5 Qg6 24. Nd6 Nf7 25. Nxf7 Rxf7 26. Bf1 Qe4 27. Bxd3 cxd3 28. Bf4 h6 29. h4 Nf8 30. Re1 Qf5 31. Be3 Ng6 32. Bf2 Qg4 33. Qd1 Qf5 34. Rf1 Qe4 35. Be1 Qe3+ 36. Kg2 Qe4+ 37. Kg1 Qe3+ 1/2-1/2

[Event "Hungary Olimpic Hopes 2022"]
[Site "Tapolca"]
[Date "2022.06.24"]
[Round "3.7"]
[White "Balazs, Sztella Anna"]
[Black "Toth, Timea"]
[Result "1-0"]
[ECO "B37"]
[WhiteElo "1572"]
[BlackElo "1964"]
[Annotator "TA"]
[PlyCount "47"]
[EventDate "2022.06.23"]
[EventType "swiss"]
[EventCountry "HUN"]
[SourceTitle "playchess.com"]
[Source "ChessBase"]
[SourceQuality "1"]
[TimeControl "5400+30"]

1. e4 c5 2. Nf3 Nc6 3. d4 cxd4 4. Nxd4 g6 5. c4 Bg7 6. Nc2 Nf6 7. Nc3 O-O 8. Be2 d6 9. O-O Bd7 10. Be3 Qc8 11. f3 {[%emt 0:01:45] B38: Sicilian: Maroczy Bind with 5...Bg7 and 7...0-0.} Re8 12. Qd2 b6 {[#]} 13. Nd5 $146 {White is more active. White is better.} ({Predecessor:} 13. Rac1 Qb7 14. Rfd1 Rac8 15. b3 Ne5 16. Kh1 h5 17. h3 Kh7 18. f4 Nc6 19. Bf3 {1-0 (60) Paehtz,E (2479)-Nguyen,H (2016) Germany 2020}) 13... Nxd5 (13... Nd8 $14) 14. cxd5 $16 Na5 15. Na3 Qb7 (15... Qb8 $16 {might work better.} 16. Rac1 Nb7) 16. b4 $18 Bxa1 17. Rxa1 Nc6 18. dxc6 Bxc6 19. b5 Bd7 20. Bc4 Rac8 21. Bh6 {[%emt 0:02:23] Threatens to win with Qd4. This bishop pair is nice.} Qc7 22. Qf4 ({Resist} 22. Qd4 $6 Qc5 23. Qxc5 Rxc5 $14) (22. Qc3 $18 e5 23. Qb3) 22... Qc5+ 23. Kf1 ({White should try} 23. Qe3 $1 $14) 23... Qxa3 $4 {[%mdl 8192] [#]} (23... Be6 $11 24. Bxe6 fxe6) 24. Qxf7+ {[%emt 0:00:11] Weighted Error Value: White=0.23 (precise) /Black=0.62} 1-0

[Event "Hungary Olimpic Hopes 2022"]
[Site "Tapolca"]
[Date "2022.06.24"]
[Round "3.8"]
[White "Kovacs, Reka"]
[Black "Horvath, Greta"]
[Result "1-0"]
[ECO "C55"]
[WhiteElo "1685"]
[BlackElo "1365"]
[Annotator "NA RC"]
[PlyCount "89"]
[EventDate "2022.06.23"]
[EventType "swiss"]
[EventCountry "HUN"]
[SourceTitle "playchess.com"]
[Source "ChessBase"]
[SourceQuality "1"]
[TimeControl "5400+30"]

1. e4 e5 2. Nf3 Nc6 3. Bc4 Nf6 4. d3 d5 5. exd5 Nxd5 6. c3 Be7 7. Qb3 Be6 8. Qxb7 Na5 9. Qb5+ c6 10. Qa4 Qc7 11. Bxd5 Bxd5 12. Qg4 Bf6 13. O-O O-O 14. Nbd2 Rad8 15. Ne4 Bxe4 16. Qxe4 Qd7 17. Rd1 Nb7 18. Be3 Rfe8 19. Qa4 Ra8 20. Qc2 Nd6 21. Nd2 Nf5 22. Ne4 Bd8 23. Bc5 Bb6 24. Qe2 Bxc5 25. Nxc5 Qd5 26. Qe4 Nd6 27. Qxd5 cxd5 28. f3 Rac8 29. Nb3 f5 30. Nd2 Kf7 31. Kf2 Kf6 32. Rac1 Re7 33. c4 e4 34. dxe4 dxe4 35. Nxe4+ Nxe4+ 36. fxe4 fxe4 37. Ke3 g5 38. Rd4 Rce8 39. Rf1+ Kg6 40. Rd6+ Kg7 41. Rf5 h6 42. Rff6 Rh8 43. Rg6+ Kf7 44. Rxh6 Rb8 45. Rh7+ 1-0

[Event "Hungary Olimpic Hopes 2022"]
[Site "Tapolca"]
[Date "2022.06.24"]
[Round "3.9"]
[White "Bod, Marton"]
[Black "Kerekes, Laszlo Fulop"]
[Result "1-0"]
[ECO "B78"]
[WhiteElo "1738"]
[BlackElo "1455"]
[Annotator "NA RC"]
[PlyCount "49"]
[EventDate "2022.06.23"]
[EventType "swiss"]
[EventCountry "HUN"]
[SourceTitle "playchess.com"]
[Source "ChessBase"]
[SourceQuality "1"]
[TimeControl "5400+30"]

1. e4 c5 2. Nf3 d6 3. d4 cxd4 4. Nxd4 Nf6 5. Nc3 g6 6. Be3 Bg7 7. f3 O-O 8. Bc4 Nc6 9. Qd2 Bd7 10. O-O-O Rc8 11. Bb3 a6 12. h4 h5 13. g4 Qa5 14. gxh5 Nxh5 15. Rhg1 Bf6 16. Rxg6+ Ng7 17. Nxc6 Rxc6 18. Bd4 Rxc3 19. Bxc3 Bxc3 20. bxc3 e6 21. Rg5 Qb6 22. Rdg1 Kh8 23. Rh5+ Kg8 24. Rxg7+ Kxg7 25. Qg5# 1-0

[Event "Hungary Olimpic Hopes 2022"]
[Site "Tapolca"]
[Date "2022.06.24"]
[Round "3.10"]
[White "Juhasz, Edmond"]
[Black "Berla, Zoltan Mate"]
[Result "1/2-1/2"]
[ECO "B31"]
[WhiteElo "1479"]
[BlackElo "1454"]
[Annotator "NA RC"]
[PlyCount "92"]
[EventDate "2022.06.23"]
[EventType "swiss"]
[EventCountry "HUN"]
[SourceTitle "playchess.com"]
[Source "ChessBase"]
[SourceQuality "1"]
[TimeControl "5400+30"]

1. e4 c5 2. Nf3 Nc6 3. Bb5 g6 4. Nc3 Bg7 5. d3 a6 6. Bxc6 bxc6 7. Be3 d6 8. O-O e5 9. h3 Ne7 10. Qd2 h6 11. Nh2 g5 12. f3 Ng6 13. Ne2 O-O 14. c3 f5 15. d4 cxd4 16. cxd4 f4 17. Bf2 h5 18. dxe5 Bxe5 19. Bd4 Qe7 20. Rad1 Rd8 21. Bb6 Rd7 22. Nd4 Bxd4+ 23. Bxd4 Ne5 24. Bxe5 Qxe5 25. Qd4 Qxd4+ 26. Rxd4 d5 27. exd5 cxd5 28. Re1 Bb7 29. Nf1 Rc8 30. Nd2 Kg7 31. Re6 Rc6 32. Rxc6 Bxc6 33. Nb3 Kf6 34. Nc5 Ra7 35. Kf2 Ke5 36. Rd2 Kd6 37. Ne4+ Ke5 38. Nc5 Bb5 39. a4 Bc4 40. b3 Rc7 41. bxc4 Rxc5 42. cxd5 Rxd5 43. Rb2 h4 44. Rb6 Ra5 45. Rb4 Kd5 46. Ke2 Kc5 1/2-1/2

[Event "Hungary Olimpic Hopes 2022"]
[Site "Tapolca"]
[Date "2022.06.24"]
[Round "3.11"]
[White "Lehocz, Jozsef Jr."]
[Black "Baki, Bence"]
[Result "1-0"]
[ECO "C44"]
[WhiteElo "1963"]
[BlackElo "1566"]
[Annotator "RC"]
[PlyCount "59"]
[EventDate "2022.06.23"]
[EventType "swiss"]
[EventCountry "HUN"]
[SourceTitle "playchess.com"]
[Source "ChessBase"]
[SourceQuality "1"]
[TimeControl "5400+30"]

1. e4 e5 2. Nf3 Nc6 3. d4 exd4 4. Bb5 Bc5 5. O-O Nge7 6. Ng5 d5 7. Qh5 Ng6 8. Re1 Be7 9. f4 dxe4 10. Nxf7 Kxf7 11. f5 Bf6 12. fxg6+ hxg6 13. Bc4+ Kf8 14. Qxh8+ Ke7 15. Rxe4+ Ne5 16. Rxe5+ Bxe5 17. Bg5+ Bf6 18. Qxg7+ Kd6 19. Bxf6 Qe8 20. Na3 Qe3+ 21. Kh1 Bh3 22. Nb5+ Kc5 23. Qxc7+ Kb4 24. a3+ Qxa3 25. bxa3+ Ka4 26. Nc3+ dxc3 27. Bb5+ Kxb5 28. Rb1+ Ka4 29. Rb4+ Kxa3 30. Qa5# 1-0

[Event "Hungary Olimpic Hopes 2022"]
[Site "Tapolca"]
[Date "2022.06.24"]
[Round "3.12"]
[White "Herczeg, Benedek"]
[Black "Szabo, Akos"]
[Result "1/2-1/2"]
[ECO "C50"]
[WhiteElo "1413"]
[BlackElo "1662"]
[Annotator "NA RC"]
[PlyCount "75"]
[EventDate "2022.06.23"]
[EventType "swiss"]
[EventCountry "HUN"]
[SourceTitle "playchess.com"]
[Source "ChessBase"]
[SourceQuality "1"]
[TimeControl "5400+30"]

1. e4 e5 2. Nf3 Nc6 3. Bc4 Bc5 4. d3 Nf6 5. Nc3 h6 6. Be3 Bb6 7. Qd2 d6 8. h3 O-O 9. O-O Bd7 10. Ne2 Ne7 11. Ng3 Ng6 12. c3 c6 13. Bb3 Qc7 14. Rac1 Rad8 15. d4 Rfe8 16. d5 Bxe3 17. fxe3 c5 18. c4 b5 19. Qc2 Qb6 20. Nf5 a6 21. N3h4 Kh7 22. Rf3 Rf8 23. Rcf1 a5 24. a3 a4 25. Ba2 b4 26. Bb1 Nxh4 27. Nxh4 bxa3 28. bxa3 Qb3 29. Qc1 Rb8 30. R3f2 Rb7 31. Ba2 Qb6 32. Qc2 Rfb8 33. Rb1 Qa7 34. Rxb7 Rxb7 35. Nf5 Qb8 36. Ne7 Qa7 37. Nf5 Rb6 38. Ng3 1/2-1/2

[Event "Hungary Olimpic Hopes 2022"]
[Site "Tapolca"]
[Date "2022.06.24"]
[Round "3.13"]
[White "Biro, Beata"]
[Black "Molnar, Dalma Reka"]
[Result "0-1"]
[ECO "B24"]
[WhiteElo "1480"]
[BlackElo "1554"]
[Annotator "NA RC"]
[PlyCount "174"]
[EventDate "2022.06.23"]
[EventType "swiss"]
[EventCountry "HUN"]
[SourceTitle "playchess.com"]
[Source "ChessBase"]
[SourceQuality "1"]
[TimeControl "5400+30"]

1. e4 c5 2. Nc3 Nc6 3. Bb5 Nd4 4. Bc4 g6 5. Nge2 Bg7 6. O-O Nf6 7. d3 O-O 8. f4 d6 9. Nxd4 cxd4 10. Ne2 d5 11. e5 dxc4 12. exf6 Bxf6 13. dxc4 Bf5 14. Ng3 Qd7 15. Bd2 d3 16. Nxf5 Qxf5 17. cxd3 Qxd3 18. Bc3 Qe3+ 19. Kh1 Bxc3 20. Rf3 Qe4 21. Rxc3 Qxf4 22. Qd7 Qe4 23. c5 Rfd8 24. Qb5 Rd2 25. Rg1 Rad8 26. Rf3 Qc6 27. Qc4 Qd5 28. Qb3 Qxb3 29. Rxb3 R8d7 30. h3 e5 31. Kh2 f5 32. Re1 e4 33. h4 Rc2 34. Rb5 Rc7 35. Ra5 Rxb2 36. Rxa7 Rxc5 37. Rd1 Rc7 38. Ra8+ Kg7 39. Kg3 Re7 40. Re1 Rf7 41. Kh3 b5 42. a3 Ra2 43. Re3 Rb7 44. Rc8 Ra7 45. Rcc3 Rd7 46. g4 Rad2 47. gxf5 R2d3 48. Kg4 Rxe3 49. Rxe3 Rd3 50. Rxe4 gxf5+ 51. Kxf5 Rxa3 52. Rb4 Ra5 53. h5 Kh6 54. Kf6 Kxh5 55. Kg7 Ra7+ 56. Kf6 Rb7 57. Kf5 Kh6 58. Kf6 Rb6+ 59. Kf5 Kg7 60. Kg5 h6+ 61. Kh5 Kh7 62. Kh4 Kg6 63. Kg4 Kf6 64. Kf4 Ke6 65. Ke4 Kd6 66. Kd4 Kc6 67. Kd3 Kd5 68. Rh4 Kc5 69. Kc3 b4+ 70. Kb3 Kd5 71. Rh5+ Ke4 72. Rh4+ Kf5 73. Rc4 h5 74. Rc5+ Kg4 75. Rc4+ Kg3 76. Rd4 h4 77. Rd3+ Kg2 78. Rd2+ Kf1 79. Rh2 Rh6 80. Kxb4 h3 81. Rc2 h2 82. Rc1+ Ke2 83. Rh1 Kf2 84. Kc3 Kg2 85. Rd1 h1=Q 86. Rd2+ Kg3 87. Rd3+ Qf3 0-1

[Event "Hungary Olimpic Hopes 2022"]
[Site "Tapolca"]
[Date "2022.06.24"]
[Round "3.14"]
[White "Kiss, Inez"]
[Black "Balazs, Szabina Zoe"]
[Result "1/2-1/2"]
[ECO "C05"]
[WhiteElo "1469"]
[BlackElo "1426"]
[Annotator "NA RC"]
[PlyCount "72"]
[EventDate "2022.06.23"]
[EventType "swiss"]
[EventCountry "HUN"]
[SourceTitle "playchess.com"]
[Source "ChessBase"]
[SourceQuality "1"]
[TimeControl "5400+30"]

1. e4 e6 2. d4 d5 3. Nd2 Nf6 4. e5 Nfd7 5. Bd3 c5 6. c3 Nc6 7. Ne2 a5 8. Nf3 a4 9. a3 cxd4 10. cxd4 Nb6 11. O-O Bd7 12. Re1 Be7 13. Bf4 Na5 14. Nd2 Rc8 15. Rc1 O-O 16. Rc3 Rc6 17. Qb1 g6 18. Bh6 Re8 19. Rec1 Bg5 20. Bxg5 Qxg5 21. Nf3 Qe7 22. Nd2 Rec8 23. Rxc6 bxc6 24. Qc2 Nb7 25. Ba6 Rc7 26. Bxb7 Rxb7 27. Nf4 Qh4 28. g3 Qg4 29. h3 Qg5 30. Nd3 Be8 31. Nc5 Ra7 32. Nf3 Qe7 33. Ne1 Qd8 34. Ng2 h5 35. Ne1 Qa8 36. Nf3 Ra5 1/2-1/2

[Event "Hungary Olimpic Hopes 2022"]
[Site "Tapolca"]
[Date "2022.06.24"]
[Round "3.15"]
[White "Torok, Rita"]
[Black "Balogh, Gerda"]
[Result "0-1"]
[ECO "C49"]
[WhiteElo "1359"]
[BlackElo "1531"]
[Annotator "NA RC"]
[PlyCount "44"]
[EventDate "2022.06.23"]
[EventType "swiss"]
[EventCountry "HUN"]
[SourceTitle "playchess.com"]
[Source "ChessBase"]
[SourceQuality "1"]
[TimeControl "5400+30"]

1. e4 e5 2. Nf3 Nc6 3. Nc3 Nf6 4. Bb5 Bb4 5. O-O O-O 6. Re1 d6 7. h3 Bd7 8. a3 Bxc3 9. dxc3 h6 10. Qd3 Ne7 11. Bxd7 Qxd7 12. Rb1 Ng6 13. c4 Nh5 14. Qb3 b6 15. Bd2 Kh8 16. Rbd1 f5 17. exf5 Qxf5 18. Re3 Ngf4 19. Kh1 Nxg2 20. Kxg2 Nf4+ 21. Kg1 Qxh3 22. Nh4 Qxh4 0-1

[Event "Hungary Olimpic Hopes 2022"]
[Site "Tapolca"]
[Date "2022.06.24"]
[Round "3.16"]
[White "Hangyal, Dora"]
[Black "Toth, Kinga"]
[Result "1-0"]
[ECO "B72"]
[WhiteElo "1163"]
[BlackElo "1179"]
[Annotator "NA RC"]
[PlyCount "65"]
[EventDate "2022.06.23"]
[EventType "swiss"]
[EventCountry "HUN"]
[SourceTitle "playchess.com"]
[Source "ChessBase"]
[SourceQuality "1"]
[TimeControl "5400+30"]

1. e4 c5 2. Nf3 d6 3. d4 cxd4 4. Nxd4 Nf6 5. Nc3 g6 6. Be3 Bg7 7. Bc4 O-O 8. Qd2 Bd7 9. O-O-O Nc6 10. h4 Rc8 11. Bb3 a6 12. f3 b5 13. g4 Ne5 14. h5 b4 15. Nce2 a5 16. hxg6 Nxg6 17. Bh6 Re8 18. Bxg7 Kxg7 19. Qh6+ Kg8 20. g5 e6 21. gxf6 Qxf6 22. Qxh7+ Kf8 23. c3 a4 24. Bc2 bxc3 25. Nxc3 a3 26. Bb3 Qf4+ 27. Kb1 Qe3 28. Qh6+ Qxh6 29. Rxh6 e5 30. Nf5 Bxf5 31. exf5 Kg7 32. Rdh1 Nf4 33. f6+ 1-0

[Event "Hungary Olimpic Hopes 2022"]
[Site "Tapolca"]
[Date "2022.06.24"]
[Round "3.17"]
[White "Szollosi, Balazs"]
[Black "Hegedus, Bernat"]
[Result "1-0"]
[ECO "B94"]
[WhiteElo "1294"]
[BlackElo "1399"]
[Annotator "NA RC"]
[PlyCount "83"]
[EventDate "2022.06.23"]
[EventType "swiss"]
[EventCountry "HUN"]
[SourceTitle "playchess.com"]
[Source "ChessBase"]
[SourceQuality "1"]
[TimeControl "5400+30"]

1. e4 c5 2. Nf3 d6 3. d4 cxd4 4. Nxd4 Nf6 5. Nc3 a6 6. Bg5 e5 7. Nf3 Be6 8. Bxf6 Qxf6 9. Qd2 Nc6 10. Ng5 Be7 11. Nxe6 Qxe6 12. Nd5 Rc8 13. Bc4 Qg6 14. O-O Qxe4 15. Nxe7 Nxe7 16. Bb3 Rd8 17. Rfe1 Qg6 18. Qb4 b5 19. Rad1 O-O 20. Qa3 Nf5 21. Qxa6 Ra8 22. Qxb5 Rfe8 23. Qd5 Ra7 24. c3 Nh4 25. Qc6 Rae7 26. Rxd6 Qg5 27. Qe4 Kh8 28. g3 f5 29. Qxh4 Qxh4 30. gxh4 e4 31. Red1 f4 32. Rd8 e3 33. fxe3 fxe3 34. Rxe8+ Rxe8 35. Re1 g6 36. Kg2 Kg7 37. Kf3 Kh6 38. Rxe3 Rf8+ 39. Kg3 Kh5 40. a4 h6 41. Bd1+ Rf3+ 42. Bxf3# 1-0

[Event "Hungary Olimpic Hopes 2022"]
[Site "Tapolca"]
[Date "2022.06.24"]
[Round "3.18"]
[White "Papai, Mate"]
[Black "Hangay, Oliver"]
[Result "0-1"]
[ECO "D35"]
[WhiteElo "1406"]
[BlackElo "1627"]
[Annotator "NA RC"]
[PlyCount "68"]
[EventDate "2022.06.23"]
[EventType "swiss"]
[EventCountry "HUN"]
[SourceTitle "playchess.com"]
[Source "ChessBase"]
[SourceQuality "1"]
[TimeControl "5400+30"]

1. d4 d5 2. c4 e6 3. Nc3 Nf6 4. cxd5 exd5 5. Bg5 Be7 6. e3 c6 7. Qc2 O-O 8. Bd3 h6 9. Bf4 Be6 10. Nf3 Nbd7 11. h3 Rc8 12. a3 Nb6 13. b3 Bd6 14. Bxd6 Qxd6 15. O-O Rc7 16. Rac1 Rfc8 17. Ne5 a6 18. Qb2 c5 19. f4 c4 20. bxc4 Nxc4 21. Bxc4 dxc4 22. Na4 Ne4 23. f5 Bd5 24. Nb6 c3 25. Qb1 Rd8 26. Nxd5 Qxd5 27. Nf3 Ng3 28. Rf2 Qxf5 29. Qa2 Qd5 30. Qxd5 Rxd5 31. Rfc2 Ne4 32. Kf1 Ra5 33. Ra2 b5 34. Rb1 b4 0-1

[Event "Hungary Olimpic Hopes 2022"]
[Site "Tapolca"]
[Date "2022.06.24"]
[Round "3.19"]
[White "Hangay, Lilla"]
[Black "Illes-Nagy, Nora"]
[Result "0-1"]
[ECO "B47"]
[WhiteElo "1239"]
[BlackElo "1297"]
[Annotator "NA RC"]
[PlyCount "86"]
[EventDate "2022.06.23"]
[EventType "swiss"]
[EventCountry "HUN"]
[SourceTitle "playchess.com"]
[Source "ChessBase"]
[SourceQuality "1"]
[TimeControl "5400+30"]

1. e4 c5 2. Nf3 e6 3. d4 cxd4 4. Nxd4 Nc6 5. Nc3 Qc7 6. g3 a6 7. Bg2 Nf6 8. O-O Be7 9. Re1 O-O 10. Nxc6 dxc6 11. Bg5 Rd8 12. Qe2 Re8 13. Rad1 Bd7 14. Qd2 Rad8 15. h3 e5 16. Re3 Bg4 17. Nd5 Nxd5 18. exd5 Bxg5 19. f4 Bxd1 20. fxg5 Bh5 21. g4 Bg6 22. h4 f6 23. h5 Bxh5 24. gxh5 fxg5 25. Rd3 e4 26. d6 Qb6+ 27. Re3 Qc5 28. d7 Re7 29. b4 Qb6 30. Qc3 Rexd7 31. Qc4+ Kh8 32. Qxe4 Qd4 33. Qe6 Rf8 34. Kh1 Qd1+ 35. Re1 Qxh5+ 36. Kg1 Qf7 37. Qg4 Qf2+ 38. Kh2 Qf4+ 39. Qxf4 gxf4 40. Bh3 Rd2+ 41. Kh1 f3 42. Rc1 f2 43. Bf1 Re8 0-1

[Event "Hungary Olimpic Hopes 2022"]
[Site "Tapolca"]
[Date "2022.06.24"]
[Round "3.20"]
[White "Ferenczy, Nora"]
[Black "Csiszar, Vivien"]
[Result "1/2-1/2"]
[ECO "D92"]
[WhiteElo "1059"]
[BlackElo "1082"]
[Annotator "NA RC"]
[PlyCount "54"]
[EventDate "2022.06.23"]
[EventType "swiss"]
[EventCountry "HUN"]
[SourceTitle "playchess.com"]
[Source "ChessBase"]
[SourceQuality "1"]
[TimeControl "5400+30"]

1. d4 Nf6 2. c4 g6 3. Nc3 d5 4. Nf3 Bg7 5. Bf4 c5 6. Be5 O-O 7. Bxf6 Bxf6 8. Nxd5 e6 9. Nxf6+ Qxf6 10. e3 Rd8 11. Be2 Nc6 12. d5 exd5 13. cxd5 Qxb2 14. e4 Qc3+ 15. Nd2 Nd4 16. O-O Bd7 17. Rb1 b6 18. Nf3 Nxf3+ 19. Bxf3 Qf6 20. Re1 Qe5 21. Qc2 Re8 22. Rbd1 Rad8 23. d6 Be6 24. Qa4 a5 25. Rd2 Rd7 26. Red1 Red8 27. Qc6 Rb8 1/2-1/2